Map: Dusk Towers

Players

Beaver - Winner!

  • Race: Terran Terran
  • League: Bronze
  • Spawn Location: 7:00

Fropez

  • Race: Protoss Protoss
  • League: Silver
  • Spawn Location: 1:00

VOD

Have the link to the VOD?

Description

Time

  • Played on: May 28, 2016, 11:29 p.m.
  • Length: 12:23
Show
View Real Time Build Order
Export as new Build Order

Beaver Terran - Winner!

Build Orders: MMM Bio 

Get SALT Encoding   

  12  0:00  SCV  
  13  0:14  SCV  
  13  0:18  Supply Depot  
  14  0:26  SCV  
  15  0:40  SCV, Barracks  
  16  0:52  Refinery  
  16  0:55  SCV  
  17  1:07  SCV  
  18  1:20  SCV  
  19  1:27  Supply Depot  
  19  1:32  SCV  
  20  1:35  Marine  
  21  1:43  Command Center  
  21  1:53  Orbital Command  
  21  1:57  Barracks Tech Lab  
  21  2:12  Factory  
  21  2:19  Marine  
  22  2:23  SCV  
  23  2:30  Refinery  
  23  2:36  SCV  
  24  2:48  SCV  
  24  2:50  Barracks  
  25  2:58  Starport  
  25  3:10  Marauder  
  27  3:15  Orbital Command  
  27  3:16  SCV  
  28  3:25  Factory Tech Lab  
  28  3:28  SCV  
  28  3:32  Stimpack  
  29  3:39  Starport Reactor  
  29  3:40  SCV  
  30  3:41  Marine  
  30  3:43  Marine  
  32  3:52  SCV  
  32  3:53  SCV  
  34  3:59  Marine  
  35  4:05  SCV x2  
  37  4:13  Marine  
  39  4:17  SCV x2  
  39  4:22  Medivac  
  42  4:24  Engineering Bay  
  42  4:26  Barracks Reactor  
  42  4:29  SCV  
  42  4:31  Marine  
  44  4:38  SCV  
  44  4:41  SCV  
  44  4:42  Refinery  
  46  4:50  Engineering Bay  
  46  4:57  Supply Depot  
  46  5:02  Supply Depot  
  46  5:06  Missile Turret  
  46  5:09  Supply Depot  
  46  5:10  Missile Turret  
  46  5:19  Marine, SCV x2, Supply Depot  
  49  5:24  Refinery  
  49  5:31  SCV x2  
  49  5:33  Combat Shields  
  51  5:38  Marauder  
  51  5:39  Marine x2  
  51  5:40  Medivac  
  51  5:41  Medivac  
  62  5:42  Siege Tank  
  62  5:43  SCV x2, Supply Depot  
  64  5:50  Barracks  
  64  5:55  SCV x2  
  66  5:57  Marine  
  66  5:59  Marine  
  68  6:05  Supply Depot  
  68  6:08  SCV x2, Barracks  
  68  6:11  Barracks  
  70  6:16  Marine  
  71  6:20  SCV  
  72  6:28  Supply Depot  
  62  6:56  Liberator  
  62  6:58  Marine x2  
  62  6:59  Marine  
  66  7:02  Barracks Reactor  
  66  7:04  Concussive Shells  
  66  7:06  Barracks Reactor  
  66  7:07  Barracks Reactor  
  65  7:09  Siege Tank  
  65  7:11  Medivac  
  73  7:16  Marine x3  
  76  7:24  Liberator  
  76  7:34  Marine x3  
  79  7:39  Liberator  
  79  7:41  Siege Tank  
  85  7:44  Marine x2  
  85  7:48  Command Center  
  87  7:52  Marine x3  
  87  7:53  Marine x4  
  87  7:57  Command Center  
  97  8:02  Marine x2  
  99  8:09  Marine  
  99  8:10  Marine x2, Supply Depot  
  102  8:13  Supply Depot  
  102  8:16  Supply Depot  
  102  8:31  Marine x5, Siege Tank  
  102  8:33  Supply Depot  
  110  8:34  Marine x2  
  110  8:36  Supply Depot  
  110  8:40  Supply Depot  
  112  8:41  Liberator x2  
  112  8:53  Marine  
  112  8:54  Marine x8  
  121  8:58  Supply Depot  
  121  9:02  Supply Depot  
  127  9:03  Siege Tank  
  130  9:11  Marine x2  
  130  9:12  Marine x2  
  130  9:13  Marauder  
  132  9:24  Liberator  
  126  9:34  Marauder  
  126  9:36  Marine x3  
  126  9:37  Marine x5  
  119  9:56  Marauder  
  118  10:17  Marauder  
  120  10:24  Liberator  
  120  10:27  Orbital Command  
  120  10:30  Orbital Command  
  120  10:33  SCV x2  
  122  10:37  Marine  
  122  10:38  Marine x8  
  122  10:40  Siege Tank  
  137  10:45  SCV  
  137  10:46  SCV  
  139  10:55  Marine x2  
  139  10:56  Marine x6  
  149  10:57  Marauder  
  149  10:58  SCV x2  
  149  11:03  SCV x2, Refinery  
  153  11:10  SCV x2  
  155  11:12  Siege Tank  
  155  11:13  Marine x4  
  155  11:14  Marine x2  
  155  11:15  Marine x2, SCV x2  
  170  11:18  Marauder  
  170  11:20  Medivac  
  170  11:22  SCV  
  173  11:31  Marine x4  
  177  11:39  Marauder  
  177  11:44  Siege Tank  
Show
View Real Time Build Order
Export as new Build Order

Fropez Protoss 

Build Orders:  

Get SALT Encoding   

  12  0:01  Probe (Chrono Boost)  
  13  0:15  Pylon  
  13  0:18  Probe (Chrono Boost)  
  14  0:28  Probe (Chrono Boost)  
  15  0:36  Gateway  
  15  0:41  Probe (Chrono Boost)  
  16  0:51  Probe (Chrono Boost)  
  17  0:57  Gateway  
  17  1:02  Probe (Chrono Boost)  
  18  1:04  Assimilator  
  18  1:12  Probe (Chrono Boost)  
  18  1:13  Pylon  
  19  1:23  Probe (Chrono Boost)  
  20  1:32  Cybernetics Core  
  20  1:33  Probe (Chrono Boost)  
  21  1:40  Assimilator  
  21  1:44  Probe (Chrono Boost)  
  22  1:54  Probe (Chrono Boost)  
  22  1:59  Pylon  
  23  2:05  Probe (Chrono Boost)  
  26  2:17  Mothership Core (Chrono Boost)  
  26  2:24  Warp Gate (Chrono Boost)  
  26  2:35  Nexus, Probe (Chrono Boost)  
  27  2:46  Probe  
  27  2:49  Stalker  
  30  2:52  Stalker  
  33  2:58  Probe  
  33  3:10  Probe  
  34  3:19  Stalker  
  36  3:22  Probe, Stalker  
  39  3:34  Pylon  
  39  3:39  Pylon  
  39  3:43  Pylon  
  39  3:46  Probe  
  40  3:49  Probe  
  40  3:51  Pylon  
  40  3:54  Pylon  
  41  4:03  Probe x2  
  41  4:04  Twilight Council  
  43  4:15  Assimilator  
  43  4:16  Probe  
  44  4:19  Assimilator  
  44  4:21  Probe  
  46  4:31  Probe  
  46  4:32  Robotics Facility  
  46  4:36  Probe  
  47  4:42  Stalker  
  47  4:43  Probe  
  50  4:46  Blink (Chrono Boost)  
  50  4:47  Probe  
  51  4:57  Pylon, Probe  
  52  5:02  Probe  
  53  5:07  Stalker  
  53  5:09  Stalker  
  58  5:14  Probe  
  58  5:20  Observer  
  59  5:32  Probe  
  59  5:33  Probe  
  61  5:40  Stalker x2  
  61  5:41  Observer  
  66  5:45  Probe  
  66  5:46  Probe, Gateway  
  68  5:50  Pylon, Gateway  
  68  6:03  Pylon  
  68  6:05  Probe x2  
  68  6:07  Gateway  
  70  6:14  Robotics Bay  
  70  6:15  Probe  
  71  6:19  Probe  
  72  6:25  Stalker  
  72  6:26  Forge, Probe  
  72  6:29  Forge  
  65  6:44  Zealot  
  65  6:45  Protoss Ground Weapons Level 1  
  65  6:46  Zealot  
  65  6:47  Zealot  
  65  6:52  Stalker  
  67  6:54  Probe x2  
  69  7:02  Extended Thermal Lance (Chrono Boost), Protoss Ground Armor Level 1  
  69  7:06  Probe  
  69  7:07  Probe  
  71  7:09  Colossus  
  77  7:16  Pylon  
  77  7:18  Probe  
  77  7:19  Probe  
  77  7:21  Stalker x2  
  83  7:24  Stalker  
  85  7:30  Probe, Stalker x2  
  89  7:46  Gateway  
  89  7:47  Probe  
  89  7:48  Probe  
  89  7:50  Stalker  
  89  7:51  Stalker x2  
  97  7:55  Stalker  
  99  7:59  Probe  
  99  8:04  Colossus  
  106  8:15  Stalker  
  106  8:16  Stalker x2  
  112  8:27  Stalker x2  
  116  8:41  Stalker x2  
  116  8:42  Stalker  
  122  9:35  Protoss Ground Armor Level 2 (Chrono Boost)  
  120  9:38  Stalker  
  120  9:39  Stalker x2  
  120  9:40  Protoss Ground Weapons Level 2 (Chrono Boost)  
  114  10:12  Stalker x2  
  114  10:13  Stalker x4  
  112  10:18  Colossus  
  118  10:37  Probe  
  118  10:38  Probe  
  118  10:40  Templar Archives  
  120  10:45  Stalker  
  120  10:46  Stalker x2  
  120  10:47  Pylon  
  126  10:50  Pylon  
  126  11:17  Stalker x3  
  126  11:18  Stalker x2  
  136  11:21  Stalker  
  98  11:56  High Templar x2  
  98  11:57  High Templar x2  
  98  12:01  Archon x2  
Tags
 
Composition
MMM Bio
Matchup
PvT
Replay Pack
All Mines
Spawn Locations
Cross Positions
Add a new tag
Caveats
  • Supply blocks, unpowered buildings, or Contaminate may cause inaccurate times.
  • Supply counts are checked every 10 seconds.